 Dungeon Crawl Stone Soup version 0.31.0-9-g3a7656b989 (console) character file.

Game seed: 4692281206687516890

149 AlterAsc the Chopper (level 5, 17/36 HPs)
             Began as an Octopode Fighter on Jan 28, 2024.
             Quit the game on level 3 of the Dungeon.
             The game lasted 00:02:30 (1519 turns).

AlterAsc the Chopper (Octopode Fighter)             Turns: 1519, Time: 00:02:30

Health: 17/36      AC:  1    Str: 17    XL:     5   Next: 31%
Magic:  5/5        EV: 13    Int: 10    God:
Gold:   42         SH:  4    Dex: 12    Spells: 4/4 levels left

rFire   . . .        a - +0 war axe
rCold   . . .        b - +0 buckler
rNeg    . . .        (helmet restricted)
rPois   .            (no amulet)
rElec   .            (no ring)
rCorr   .            (no ring)
SInv    .            (no ring)
Will    .....        (no ring)
Stlth   ++           (no ring)
HPRegen 0.26/turn    (no ring)
MPRegen 0.09/turn    (no ring)
                     (no ring)

%: no passive effects
@: no status effects
A: almost no armour, amphibious, 8 rings, camouflage 1, gelatinous body 1,
(nimble swimmer 1), tentacles
a: no special abilities


You were on level 3 of the Dungeon.
You visited 1 branch of the dungeon, and saw 3 of its levels.

You collected 42 gold pieces.

Inventory:

Hand Weapons
 a - a +0 war axe (weapon)
Missiles
 g - 4 poisoned darts (quivered)
Armour
 b - a +0 buckler (worn)
Scrolls
 d - a scroll of vulnerability {unknown}
 f - 4 scrolls of identify {unknown}
 l - a scroll of poison {unknown}
 m - a scroll of blinking {unknown}
Potions
 c - a potion of might
 e - a potion of berserk rage {unknown}
 h - a potion of magic {unknown}
 i - 3 potions of curing {unknown}
 j - a potion of degeneration {unknown}
 k - a potion of ambrosia {unknown}
 n - a potion of mutation {unknown}


   Skills:
 - Level 3.0 Fighting
 + Level 5.3 Axes
 - Level 3.0 Dodging
 - Level 3.0 Shields


You had 4 spell levels left.
You didn't know any spells.
Your spell library was empty.

Dungeon Overview and Level Annotations

Branches:
Dungeon (3/15)

Altars:

Shops:
D:2 [


Innate Abilities, Weirdness & Mutations

You cannot wear most types of armour.
You are amphibious.
You can wear up to eight rings at the same time.
Your skin changes colour to match your surroundings (Stealth+).
Your rubbery body absorbs attacks. (AC +1, EV +1)
((You are camouflaged when in or above water. (Stealth+)))
You have tentacles for arms and can constrict up to eight enemies at once.


Message History

No target in view!
HP restored.
A centaur comes into view.
Found a ring mail.
The centaur shouts!
A bat comes into view.
The centaur wields a +0 orcbow.
The centaur shoots an arrow.
You block the arrow.
The bat moves out of view.
The centaur shoots an arrow.
The arrow hits you.
The centaur unwields a +0 orcbow.
You block the centaur's attack. x2; The centaur hits you.
The centaur closely misses you.
You slash the centaur!
The centaur is heavily wounded.
The centaur hits you but does no damage.
The centaur kicks you. The centaur barely misses you. The centaur misses you.
You barely miss the centaur.
The centaur is heavily wounded.
The centaur closely misses you. The centaur kicks you. The centaur hits you.
The centaur closely misses you.
You hit the centaur.
The centaur is heavily wounded.
You block the centaur's attack. The centaur kicks you.
The centaur barely misses you. The centaur closely misses you.
You hit the centaur.
The centaur is severely wounded.
The centaur closely misses you. x2; The centaur misses you.
The centaur kicks you.
You completely miss the centaur. You squeeze the centaur.
You kill the centaur!
Your Axes skill increases to level 5!
You have reached level 5!
You feel agile.
You see here a +0 orcbow.
You start resting.
An orc comes into view. It is wielding a +0 dagger.
You see here a +0 ring mail.
The orc shouts!
You start resting.
An orc is nearby!
You hit the orc but do no damage. You grab the orc. You squeeze the orc.
The orc is lightly wounded.
You constrict the orc, but do no damage.
The orc hits you with a +0 dagger.
Are you sure you want to abandon this character and quit the game? (Confirm with "yes".)

##########
#########.........
#.....o.........##
#o######..[.)...#
#@# #........# #.#
#........# #.#
##.#####.# #..
.... #.# ####
###b## #.# ... #.#
..#


You could see an orc.

Vanquished Creatures
  A centaur (D:3)
  2 adders (D:2)
  A dart slug (D:1)
  A ribbon worm (D:2)
  3 bats
  4 endoplasms
  7 goblins
  3 hobgoblins
  5 jackals (D:2)
  3 quokkas
  5 ball pythons
  8 frilled lizards
  2 kobolds
  5 rats
50 creatures vanquished.

Notes
Turn   | Place    | Note
-------+----------+-------------------------------------------
     0 | D:1      | AlterAsc the Octopode Fighter began the quest for the Orb.
     0 | D:1      | Reached XP level 1. HP: 16/16 MP: 1/1
   120 | D:1      | Reached XP level 2. HP: 18/21 MP: 2/2
   183 | D:1      | Reached skill level 3 in Axes
   321 | D:1      | Reached XP level 3. HP: 23/26 MP: 3/3
   355 | D:1      | Found a faded altar of an unknown god.
  1017 | D:2      | Reached skill level 4 in Axes
  1043 | D:2      | Found Adovagh's Antique Armour Shop.
  1164 | D:2      | Reached XP level 4. HP: 29/31 MP: 4/4
  1484 | D:3      | Noticed a centaur
  1495 | D:3      | Killed a centaur
  1496 | D:3      | Reached skill level 5 in Axes
  1496 | D:3      | Reached XP level 5. HP: 15/36 MP: 5/5
  1519 | D:3      | Quit the game

Illustrated notes

Levels and vault maps discovered:
D:1:      elethiomel_arrival_maze, layout_basic, ebering_ecumenical_altar_ruins,
          minmay_misc_feat_pillars, serial_bayou_lake_a
D:2:      layout_basic, serial_shops, nicolae_shop_tiny_statue_garden
D:3:      layout_basic

Skill      XL: |  1  2  3  4 |
---------------+-------------+-----
Axes           | 3 4 5 |  5.3
Fighting       | |  3.0
Dodging        | |  3.0
Shields        | |  3.0

Action                     |  1- 3 |  4- 6 || total
---------------------------+-------+-------++-------
  Melee: War axe           |    66 |    18 ||    84
         Tentacles         |    15 |     5 ||    20
         Constrict         |    14 |     2 ||    16
         Punch             |     1 |       ||     1
   Stab: Sleeping          |     2 |       ||     2
         Distracted        |       |     1 ||     1
 Armour: Skin              |    17 |    13 ||    30
  Dodge: Dodged            |    32 |    16 ||    48
  Block: Buckler           |    20 |     6 ||    26
